 Dungeon Crawl Stone Soup version 0.32-a0-909-gc671339a80 (webtiles) character file.

Game seed: 10126417704765479051

546 P0WERM0DE the Trooper (level 7, -5/58 HPs)
             Began as a Coglin Chaos Knight on Apr 7, 2024.
             Was a Plaything of Xom.
             Slain by a +0 flail (8 damage)
             ... animated by Xom
             ... on level 5 of the Dungeon.
             The game lasted 00:02:05 (2395 turns).

P0WERM0DE the Trooper (Coglin Chaos Knight)         Turns: 2395, Time: 00:02:06

Health: -5/58      AC:  7    Str: 12    XL:     7   Next: 28%
Magic:  7/7        EV: 10    Int: 13    God:    Xom [...*..]
Gold:   172        SH:  0    Dex: 14    Spells: 6/6 levels left

rFire   + . .        a - +0 hand axe (chaos) {Ana}
rCold   . . .        n - +0 long sword (vamp) {Jihoo}
rNeg    . . .        b - +2 leather armour
rPois   .            o - +1 helmet {SInv}
rElec   .            (no cloak)
rCorr   .            (no gloves)
SInv    +            (no boots)
Will    .....        (amulet unavailable)
Stlth   +            (ring unavailable)
HPRegen 0.29/turn    (ring unavailable)
MPRegen 0.10/turn    (no gizmo)

%: no passive effects
@: no status effects
A: off-hand wielding, slow wielding, warmup strikes, no jewellery, fire
resistance 1, mutation resistance 1
a: Invent Gizmo, Renounce Religion


You were on level 5 of the Dungeon.
You worshipped Xom.
You were a favourite toy of Xom.
You visited 1 branch of the dungeon, and saw 5 of its levels.

You collected 172 gold pieces.

Inventory:

Hand Weapons
 a - a +0 hand axe of chaos (weapon) {Ana}
 d - a +0 dagger {Cortez}
 n - a +0 vampiric long sword (offhand) {Jihoo}
   (You found it on level 3 of the Dungeon)
 u - a +2 dagger of protection
   (You took it off a goblin on level 4 of the Dungeon)
Missiles
 r - 6 poisoned darts (quivered)
Armour
 b - a +2 leather armour (worn)
 o - a +1 helmet of see invisible (worn)
   (You found it on level 3 of the Dungeon)
Scrolls
 c - a scroll of butterflies
 e - a scroll of enchant weapon {unknown}
 f - a scroll of enchant armour {unknown}
 p - a scroll of teleportation {unknown}
 s - a scroll of fog {unknown}
 t - a scroll of acquirement {unknown}
Potions
 g - a potion of mutation {unknown}
 h - 2 potions of curing {unknown}
 i - a potion of might {unknown}
 j - a potion of haste {unknown}
 k - 3 potions of berserk rage {unknown}
 l - 2 potions of brilliance {unknown}
 m - 4 potions of magic {unknown}
 q - a potion of resistance {unknown}
 v - a potion of ambrosia {unknown}


   Skills:
 * Level 6.1 Fighting
 * Level 6.1 Axes
 - Level 1.7 Armour
 - Level 0.8 Dodging


You had 6 spell levels left.
You didn't know any spells.
Your spell library was empty.

Dungeon Overview and Level Annotations

Branches:
Dungeon (5/15)
 Temple: D:4-7

Altars:
Xom


Innate Abilities, Weirdness & Mutations

You can wield a second weapon in your off-hand.
It takes a long time for you to wield or remove held weapons.
Your first few attacks do less damage.
You cannot equip rings or amulets.
Your flesh is heat resistant. (rF+)
You are somewhat resistant to further mutation.


Message History

Press: ? - help, Dir - move target, f - orc
Aim: an orc, wielding a +0 short sword (ally target) Attack!
You feel sick.
You are no longer poisoned.
Your +0 flail hits the orc!
The orc dies!
An orc priest comes into view. It is wielding a +0 mace.
The orc priest shouts!
The orc priest invokes the aid of Beogh against you.
Beogh smites you!
* * * LOW HITPOINT WARNING * * *
Your +0 flail hits the orc priest!
The orc priest dies!
You now have 172 gold pieces (gained 2).
Things that are here:
a +0 short sword; an orc corpse
Found a stone staircase leading up.
Your +0 flail is engulfed in seething chaos.
Things that are here:
a +0 mace; an orc corpse Your +0 flail is engulfed in seething chaos.
The +0 flail looks weaker.
The +0 flail is engulfed in seething chaos.
The +0 flail seems to speed up.
Xom thinks this is hilarious!
The +0 flail hits you.
* * * LOW HITPOINT WARNING * * *
The +0 flail is engulfed in seething chaos.
The +0 flail seems to slow down.
The +0 flail is engulfed in seething chaos.
The +0 flail hits you!
* * * LOW HITPOINT WARNING * * *
The +0 flail is engulfed in seething chaos. x2
The +0 flail closely misses you.
Found a stone staircase leading down.
The +0 flail is engulfed in seething chaos.
The +0 flail looks even weaker.
The +0 flail is engulfed in seething chaos.
The +0 flail hits you!
You die...

#.## ##..# ###
#...##..## #..
#......... #.#
#......)## #.#
########......
#.###..........<..
#.##..####........
####.#....#..........
#..<@(§§§............
#...##....§§..........
#.. #................
#.. #........).......
... ##...............
.. ##...##...#..... >
###############


You could see a +0 flail (fast, slow, weak).

Vanquished Creatures
  A water moccasin (D:5)
  A howler monkey (D:4)
  3 crimson imps (D:3)
  A hound (D:4)
  An orc priest (D:5)
  An iguana (D:3)
  6 adders
  10 dart slugs
  A ribbon worm (D:3)
  2 orcs
  6 ball pythons
  4 endoplasms
  3 giant cockroaches
  5 hobgoblins
  4 jackals (D:4)
  2 quokkas
  4 bats
  3 frilled lizards
  8 goblins
  9 kobolds
  2 rats (D:2)
77 creatures vanquished.

Vanquished Creatures (collateral kills)
  A crimson imp (D:3)
  An orc priest (D:5)
  2 orcs (D:5)
4 creatures vanquished.

Grand Total: 81 creatures vanquished

Notes
Turn   | Place    | Note
-------+----------+-------------------------------------------
     0 | D:1      | P0WERM0DE the Coglin Chaos Knight began the quest for the
                  | Orb.
     0 | D:1      | Reached XP level 1. HP: 18/18 MP: 1/1
    54 | D:1      | Reached XP level 2. HP: 24/24 MP: 2/2
    85 | D:1      | XOM: smoke on damage
   246 | D:1      | XOM: silly message
   521 | D:1      | Reached XP level 3. HP: 29/29 MP: 3/3
   994 | D:2      | XOM: silly message
  1096 | D:2      | Reached XP level 4. HP: 37/37 MP: 4/4
  1416 | D:2      | XOM: give mutations
  1416 | D:2      | Gained mutation: You are somewhat resistant to further
                  | mutation. [Xom's grace]
  1416 | D:2      | Gained mutation: Your flesh is heat resistant. (rF+) [Xom's
                  | grace]
  1578 | D:3      | Reached XP level 5. HP: 43/43 MP: 5/5
  1607 | D:3      | Found a shimmering altar of Xom.
  1628 | D:3      | Reached skill level 5 in Fighting
  1628 | D:3      | Reached skill level 5 in Axes
  1818 | D:3      | Reached XP level 6. HP: 51/51 MP: 6/6
  2359 | D:5      | Entered Level 5 of the Dungeon
  2359 | D:5      | Noticed a water moccasin
  2360 | D:5      | XOM: confuse monster(s)
  2374 | D:5      | XOM: cloud trail
  2375 | D:5      | Killed a water moccasin
  2376 | D:5      | Reached XP level 7. HP: 30/57 MP: 7/7
  2395 | D:5      | Slain by a +0 flail

Illustrated notes

Levels and vault maps discovered:
D:1:      lightli_arrival_boilingwater, layout_basic
D:2:      layout_basic
D:3:      kennysheep_slugbush, layout_basic, led_xom_imps
D:4:      minmay_goblin_kobold_castle, layout_loops_corners
D:5:      layout_rooms, jmf_multi_god_temple, hex_large, glass_columns_b,
          uniq_pikel

Skill      XL: |  1  2  3  4  5  6  7 |
---------------+----------------------+-----
Fighting       | 4 5 6 |  6.1
Axes           | 4 5 6 |  6.1
Armour         | |  1.7
Dodging        | |  0.8

Action                     |  1- 3 |  4- 6 |  7- 9 || total
---------------------------+-------+-------+-------++-------
  Melee: Hand axe          |    70 |   111 |       ||   181
         Dagger            |    65 |    24 |       ||    89
         Long sword        |       |    81 |     1 ||    82
   Stab: Confused          |       |     3 |       ||     3
 Armour: Leather armour    |    52 |    98 |     3 ||   153
  Dodge: Dodged            |    33 |    61 |     1 ||    95

Table legend: (Time is in decaauts)
 A = Elapsed time spent in this place.
 B = Non-inter-level travel time spent in this place.
 C = Inter-level travel time spent in this place.
 D = Time resting spent in this place.
 E = Time spent auto-exploring this place.
 F = Levels seen in this place.
 G = Mean time per level.
                   A        B        C        D        E       F      G
               +--------+--------+--------+--------+--------+-----+--------+
         Total |   2430 |   2368 |     62 |      0 |   1737 |   5 |  486.0 |
       Dungeon |   2430 |   2368 |     62 |      0 |   1737 |   5 |  486.0 |
               +--------+--------+--------+--------+--------+-----+--------+

Top non-repeatable levels by time:
     D:1: 749 daAuts
     D:2: 689 daAuts
     D:3: 578 daAuts
     D:4: 376 daAuts
     D:5: 37 daAuts
